Map: Habitation Station LE (Void)

Players

Fropez - Winner!

  • Race: Protoss Protoss
  • League: Gold
  • Spawn Location: 11:00

Garth

  • Race: Zerg Zerg
  • League: Gold
  • Spawn Location: 1:00

VOD

Have the link to the VOD?

Description

Time

  • Played on: Dec. 3, 2016, 5:25 p.m.
  • Length: 5:10
Show
View Real Time Build Order
Export as new Build Order

Fropez Protoss - Winner!

Build Orders:  

Get SALT Encoding   

  12  0:02  Probe (Chrono Boost)  
  13  0:15  Pylon  
  13  0:17  Probe (Chrono Boost)  
  15  0:34  Gateway  
  15  0:35  Probe (Chrono Boost)  
  15  0:51  Probe (Chrono Boost)  
  15  0:56  Assimilator  
  16  1:02  Probe (Chrono Boost)  
  17  1:08  Assimilator  
  17  1:12  Probe (Chrono Boost)  
  18  1:20  Pylon  
  18  1:32  Forge  
  18  1:33  Cybernetics Core  
  18  1:55  Probe (Chrono Boost)  
  19  2:12  Photon Cannon  
  19  2:19  Photon Cannon  
  19  2:20  Pylon  
  19  2:25  Pylon  
  18  2:32  Gateway  
  18  2:44  Pylon  
  18  2:59  Photon Cannon  
  18  3:07  Mothership Core (Chrono Boost)  
  20  3:22  Pylon  
  20  3:31  Sentry  
  22  3:48  Photon Cannon  
  22  3:57  Sentry  
  24  4:56  Nexus  
  24  5:00  Pylon  
  24  5:01  Pylon x2  
Show
View Real Time Build Order
Export as new Build Order

Garth Zerg 

Build Orders: Hatch First 

Get SALT Encoding   

  12  0:01  Drone  
  13  0:13  Overlord  
  13  0:23  Drone  
  13  0:27  Extractor, Drone  
  14  0:33  Drone  
  16  0:42  Drone  
  17  0:57  Hatchery  
  16  0:58  Drone  
  16  1:01  Drone  
  18  1:12  Extractor  
  17  1:22  Spawning Pool, Drone  
  17  1:23  Drone  
  18  1:35  Drone  
  19  1:50  Overlord  
  19  1:58  Drone  
  20  2:13  Queen  
  20  2:14  Queen  
  24  2:16  Zergling x6  
  26  2:46  Zergling x6  
  26  2:47  Zergling x6  
  30  3:01  Queen  
  30  3:11  Drone x4  
  26  4:09  Zergling x6  
  27  4:14  Zergling x6  
Tags
 
Add a new tag
Caveats
  • Supply blocks, unpowered buildings, or Contaminate may cause inaccurate times.
  • Supply counts are checked every 10 seconds.